 Dungeon Crawl Stone Soup version 0.28.0-1-gb440e238dd (webtiles) character file.

Game seed: 15825074622826067599

301 croobank the Sneak (level 6, 0/36 HPs)
             Began as an Octopode Fire Elementalist on Feb 19, 2022.
             Was an Initiate of Ashenzari.
             Frozen to death by an endoplasm (4 damage)
             ... on level 4 of the Dungeon.
             The game lasted 00:14:58 (4070 turns).

croobank the Sneak (Octopode Fire Elementalist)     Turns: 4070, Time: 00:14:59

Health: 0/36       AC:  1    Str:  7    XL:     6   Next: 37%
Magic:  3/10       EV: 14    Int: 25    God:    Ashenzari [......]
Gold:   121        SH:  0    Dex: 13    Spells: 4/11 levels left

rFire   . . .      SeeInvis .   a - +2 demon blade "Sidereal Sophism" {drain, Alch, Evo} (curse)
rCold   . . .      Faith    .   (no shield)
rNeg    . . .      Spirit   .   (helmet restricted)
rPois   .          Reflect  .   (no amulet)
rElec   .          Harm     .   d - ring of wizardry
rCorr   .          Rampage  .   e - +6 ring of intelligence
Will    .....                   (no ring)
Stlth   ++++......              (no ring)
HPRegen 0.12/turn               (no ring)
MPRegen 0.12/turn               (no ring)
                                (no ring)
                                (no ring)

@: no status effects
A: almost no armour, amphibious, 8 rings, camouflage 1, gelatinous body 1,
(nimble swimmer 1), tentacles
a: Renounce Religion, Shatter the Chains


You were on level 4 of the Dungeon.
You worshipped Ashenzari.
Ashenzari was noncommittal.
You visited 1 branch of the dungeon, and saw 4 of its levels.

You collected 121 gold pieces.

Inventory:

Hand Weapons
 a - the cursed +2 demon blade "Sidereal Sophism" (weapon) {drain, Alch, Evo}
   (You acquired it on level 4 of the Dungeon)

   A truly terrible weapon, it drains the life of any living foe it strikes.
   It has a curse which improves the following skills: Alchemy: Poison Magic and
   Transmutations.
   Evocations: Evocations.
 b - a +5 vorpal fustibalus
 f - a +0 hunting sling of flaming
Missiles
 c - 49 arrows
 g - 21 sling bullets
 j - 88 stones
 l - 13 poisoned darts
Jewellery
 d - a ring of wizardry (left tentacle)
 e - a +6 ring of intelligence (right tentacle)
 p - a ring of fire
Wands
 n - a wand of flame (9)
Scrolls
 m - a scroll of enchant weapon {unknown}
 o - a scroll of teleportation
Potions
 h - a potion of mutation
 i - a potion of curing
 k - 2 potions of lignification
 q - a potion of invisibility {unknown}
 r - 2 potions of ambrosia {unknown}


   Skills:
 + Level 3.3 Dodging
 + Level 4.6 Stealth
 + Level 3.1 Spellcasting
 + Level 2.7 Conjurations
 + Level 4.1 Fire Magic


You had 4 spell levels left.
You knew the following spells:

 Your Spells              Type           Power      Damage    Failure   Level
a - Foxfire               Conj/Fire      84%        2x1d8     1%          1
b - Scorch                Fire           48%        2d7       1%          2
c - Flame Wave            Conj/Fire      21%        2d7       10%         4

Your spell library contained the following spells:

 Spells                   Type           Power      Damage    Failure   Level
 Conjure Flame            Conj/Fire      21%        6-21      2%          3
 Inner Flame              Hex/Fire       14%        N/A       5%          3


Dungeon Overview and Level Annotations

Branches:
Dungeon (4/15)             Temple (0/1) D:4

Altars:
Ashenzari


Innate Abilities, Weirdness & Mutations

You cannot wear most types of armour.
You are amphibious.
You can wear up to eight rings at the same time.
Your skin changes colour to match your surroundings (Stealth+).
Your rubbery body absorbs attacks. (AC +1, EV +1)
((You are camouflaged when in or above water. (Stealth+)))
You have tentacles for arms and can constrict up to eight enemies at once.


Message History

Casting: Scorch (safe; 1% risk of failure)
Confirm with . or Enter, or press ? or * to list all spells.
Flames lash the hound.
The hound is heavily wounded.
The hound's fire resistance burns away.
An endoplasm comes into view.
The hound misses you.
You barely miss the hound. Your grab misses the hound. You squeeze the hound.
The hound is severely wounded.
The hound bites you. x2
* * * LOW HITPOINT WARNING * * *
Your magical contamination has completely faded away.
You barely miss the hound. You grab the hound. You squeeze the hound.
The hound is almost dead.
You constrict the hound. The hound bites you.
* * * LOW HITPOINT WARNING * * *
The hound closely misses you.
You hit the hound.
You kill the hound!
You feel better. The endoplasm freezes you.
You are frozen.
* * * LOW HITPOINT WARNING * * *
Casting: Scorch (safe; 1% risk of failure)
Confirm with . or Enter, or press ? or * to list all spells.
Flames lash the centaur.
The centaur is almost dead.
The centaur's fire resistance burns away.
The endoplasm freezes you.
You are frozen.
* * * LOW HITPOINT WARNING * * *
You hit the endoplasm. You drain the endoplasm.
You squeeze the endoplasm, but do no damage.
The endoplasm is heavily wounded.
The endoplasm freezes you.
You are frozen.
* * * LOW HITPOINT WARNING * * *
The endoplasm freezes you.
You are frozen.
You die...

# .## #+##
..# ...##.#
#..#.##
#cJ..# #@.#
##..#
###+###...#
..........#
######.^##
#.## #. #.#
. #># #.#


You could see a centaur (combustible) and an endoplasm (drained).

Vanquished Creatures
  An orc priest (D:4)
  2 hounds (D:4)
  Jessica (D:2)
  2 orc wizards (D:4)
  3 adders (D:2)
  3 worms
  6 dart slugs
  2 orcs
  5 ball pythons
  5 endoplasms
  3 giant cockroaches
  15 goblins
  8 hobgoblins
  A jackal (D:2)
  8 quokkas
  5 bats
  5 frilled lizards
  7 kobolds
  8 rats
90 creatures vanquished.

Vanquished Creatures (others)
  129 foxfires
129 creatures vanquished.

Grand Total: 219 creatures vanquished

Notes
Turn   | Place    | Note
-------+----------+-------------------------------------------
     0 | D:1      | croobank the Octopode Fire Elementalist began the quest for
                  | the Orb.
     0 | D:1      | Reached XP level 1. HP: 11/11 MP: 3/3
   201 | D:1      | Reached XP level 2. HP: 17/17 MP: 3/5
   204 | D:1      | Learned a level 2 spell: Scorch
  1034 | D:1      | Reached XP level 3. HP: 21/21 MP: 2/6
  1407 | D:1      | Found a faded altar of an unknown god.
  1633 | D:2      | Noticed Jessica
  1817 | D:2      | Killed Jessica
  1818 | D:2      | Reached XP level 4. HP: 25/27 MP: 0/7
  2071 | D:2      | Found a broken altar of Ashenzari.
  2083 | D:2      | Learned a level 4 spell: Flame Wave
  2476 | D:2      | Reached XP level 5. HP: 31/31 MP: 4/9
  2610 | D:2      | Became a worshipper of Ashenzari the Shackled
  3709 | D:4      | Identified 2 scrolls of acquirement
  3709 | D:4      | Acquired a +5 vorpal fustibalus
  3711 | D:4      | Acquired a +2 demon blade of draining
  3744 | D:4      | Found a staircase to the Ecumenical Temple.
  3769 | D:4      | Reached XP level 6. HP: 27/36 MP: 2/10
  4070 | D:4      | Frozen to death by an endoplasm

Illustrated notes

Levels and vault maps discovered:
D:1:      dpeg_arrival_another_circle, layout_loops_ring, basic_ecumenical_altar
D:2:      layout_basic, minmay_hexomino_r4, uniq_jessica
D:3:      cheibrodos_greedy_goblins, layout_loops_ring
D:4:      layout_basic, fedhas_altar_fruit_tree, minmay_temple_entry_ruins,
          serial_co_window_serial, co_window_paths_b,
          co_window_of_opportunity_a, co_window_paths_a, co_window_corner_a,
          co_window_paths_a, co_window_of_opportunity_b, co_window_broadway_b,
          co_window_broadway_a, co_window_broadway_c, minmay_box_of_dots

Skill      XL: |  1  2  3  4  5 |
---------------+----------------+-----
Stealth        | 3 4 |  4.6
Conjurations   | 2 |  2.7
Dodging        | 3 |  3.3
Spellcasting   | 3 |  3.1
Fire Magic     | 4 |  4.1

Action                   |  1- 3 |  4- 6 || total
-------------------------+-------+-------++-------
Melee: Unarmed           |    19 |    41 ||    60
       Tentacles         |     4 |    11 ||    15
       Constrict         |     4 |    12 ||    16
       Punch             |     1 |       ||     1
       Demon blade       |       |    12 ||    12
 Cast: Foxfire           |    34 |    49 ||    83
       Scorch            |     9 |    17 ||    26
Invok: Curse Item        |       |     1 ||     1
  Use: Scroll            |     2 |     9 ||    11
       Potion            |       |     2 ||     2
 Stab: Sleeping          |     3 |     1 ||     4
Armor: Skin              |     2 |     3 ||     5
Dodge: Dodged            |    19 |    42 ||    61
